 Dungeon Crawl Stone Soup version 0.27-a0-808-g60bc5d92e6 (webtiles) character file.

Game seed: 17977782773168494994

1014 sizableburger the Covered (level 8, -4/58 HPs)
             Began as a Djinni Fighter on Mar 29, 2021.
             Slain by an ice beast (16 damage)
             ... on level 6 of the Dungeon.
             The game lasted 00:10:42 (6001 turns).

sizableburger the Covered (Djinni Fighter)          Turns: 6001, Time: 00:10:43

Health: -4/58      AC:  9    Str: 15    XL:     8   Next: 21%
Gold:   214        EV:  9    Int: 12    God:
                   SH:  0    Dex: 13

rFire    + + .     SeeInvis .   a - +0 long sword
rCold    x . .     Faith    .   (no shield)
rNeg     . . .     Spirit   .   b - +0 scale mail
rPois    ∞         Reflect  .   (no helmet)
rElec    .         Harm     .   e - +0 cloak
rCorr    .         Rampage  .   h - +0 pair of gloves
Will     .....                  (boots unavailable)
Stlth    ..........             (no amulet)
HPRegen  0.19/turn              (no ring)
MPRegen  0.00/turn              (no ring)

@: weak-willed, flying
A: fire resistance 2, cold vulnerability 1, float, innate caster, hp casting,
extra vitality 1
a: no special abilities


You were on level 6 of the Dungeon.
You visited 1 branch of the dungeon, and saw 6 of its levels.

You collected 214 gold pieces.

Inventory:

Hand Weapons
 a - a +0 long sword (weapon)
Missiles
 d - 2 poisoned darts (quivered)
Armour
 b - a +0 scale mail (worn)
 e - a +0 cloak (worn)
 h - a +0 pair of gloves (worn)
Jewellery
 i - a ring of protection from fire
Scrolls
 k - a scroll of teleportation {unknown}
 n - a scroll of enchant weapon {unknown}
Potions
 j - 2 potions of flight
 m - 3 potions of degeneration


   Skills:
 - Level 4.3 Fighting
 + Level 5.1 Long Blades
 + Level 5.2 Armour
 - Level 5.0 Shields
 + Level 2.5 Spellcasting


You had 6 spell levels left.
You knew the following spells:

 Your Spells              Type           Power      Damage    Failure   Level
a - Beastly Appendage     Tmut           14%        N/A       32%         1
b - Slow                  Hex            7%         N/A       45%         2
c - Confusing Touch       Hex            7%         N/A       69%         3
Your spell library was empty.

Dungeon Overview and Level Annotations

Branches:
Dungeon (6/15)
 Temple: D:4-7

Altars:
Makhleb
Nemelex Xobeh
Qazlal
Vehumet
Wu Jian

Shops:
D:4 ?

Annotations:
D:4 Sigmund


Innate Abilities, Weirdness & Mutations

You are immune to poison.
Your flesh is very heat resistant. (rF++)
You are vulnerable to cold. (rC-)
You float through the air rather than walking.
You learn spells naturally, not from books.
Your magical power is your life essence.
You have superior vitality. (+4 HP)


Message History

The ice beast closely misses you.
You barely miss the ice beast.
The ice beast is severely wounded.
The ice beast barely misses you.
You closely miss the ice beast.
The ice beast is severely wounded.
The ice beast hits you but does no damage.
You barely miss the ice beast.
The ice beast is severely wounded.
The ice beast hits you. The ice beast freezes you!!
You feel a terrible chill!
* * * LOW HITPOINT WARNING * * *
You closely miss the ice beast.
The ice beast is severely wounded.
The ice beast hits you but does no damage.
Throw: 3 darts (poison)
Press: ? - help, Q - select action, (/) - cycle Shift-Dir - straight line, f/p - ice beast
Aim: an ice beast (severely wounded, 59% to hit)
Okay, then.
You feel much better.
The ice beast hits you but does no damage.
You hit the ice beast.
The ice beast is severely wounded.
The ice beast closely misses you. The ice beast barely misses you.
You hit the ice beast but do no damage.
The ice beast is severely wounded.
The ice beast hits you. The ice beast freezes you!!
You feel a terrible chill!
* * * LOW HITPOINT WARNING * * *
Throw: 3 darts (poison)
Press: ? - help, Q - select action, (/) - cycle Shift-Dir - straight line, f/p - ice beast
Aim: an ice beast (severely wounded, 59% to hit)
You throw a poisoned dart. The poisoned dart hits the ice beast.
The ice beast is poisoned.
The ice beast is severely wounded.
The ice beast closely misses you.
As you read the scroll labelled HECER NU MIAKKI, it crumbles to dust.
Magic quickly surges around you.
It was a scroll of vulnerability.
The ice beast hits you.
* * * LOW HITPOINT WARNING * * *
The ice beast freezes you!
You feel a terrible chill!
You die...

### #.## .#. ####..###
.. #.. #@##.##.####
#.##.# #Y###.##...##
#.#.<# #.# ##.##...##.#
## #.#..# #.#
#..#......# ...##....#
#.## ##....###..#
.........## #..# #...##
..#
..........###..####..##
...
............#...##..##
##...
.............(.......##
#....


You could see an ice beast (poisoned, weak-willed).

Vanquished Creatures
  2 black bears
  A centaur (D:5)
  4 scorpions
  A wyvern skeleton (D:6)
  A killer bee (D:6)
  A howler monkey (D:3)
  2 centaur zombies (D:5)
  2 hounds (D:5)
  2 jellies
  Natasha (thrice) (D:2)
  2 hound zombies (D:5)
  A hound skeleton (D:4)
  A howler monkey zombie (D:3)
  4 adders
  2 ufetubi
  A worm (D:3)
  A dart slug (D:2)
  5 orcs
  A bat (D:2)
  4 endoplasms
  A giant cockroach (D:2)
  5 goblins
  9 hobgoblins
  2 kobolds
  5 quokkas
  5 ball pythons
  3 frilled lizards
  4 rats
75 creatures vanquished.

Notes
Turn   | Place    | Note
-------+----------+-------------------------------------------
     0 | D:1      | sizableburger the Djinni Fighter began the quest for the
                  | Orb.
     0 | D:1      | Reached XP level 1. HP: 20/20 MP: 0/0
   335 | D:1      | Reached XP level 2. HP: 20/25 MP: 0/0
  1245 | D:2      | Found a sparkling altar of Nemelex Xobeh.
  1488 | D:2      | Noticed Natasha
  1531 | D:2      | Noticed a crimson imp
  1533 | D:2      | Killed Natasha
  1534 | D:2      | Reached XP level 3. HP: 25/30 MP: 0/0
  1534 | D:2      | Learned a level 1 spell: Beastly Appendage
  1734 | D:2      | Noticed Natasha
  1746 | D:2      | Killed Natasha
  1747 | D:2      | Reached XP level 4. HP: 20/37 MP: 0/0
  1783 | D:2      | Noticed Natasha
  1796 | D:2      | Killed Natasha
  2503 | D:3      | Noticed a black bear
  2511 | D:3      | Killed a black bear
  2512 | D:3      | Reached XP level 5. HP: 37/42 MP: 0/0
  2512 | D:3      | Learned a level 2 spell: Slow
  2915 | D:4      | Reached XP level 6. HP: 38/48 MP: 0/0
  2975 | D:4      | Found Koixet's Magic Scroll Emporium.
  3849 | D:4      | Noticed Sigmund
  4161 | D:5      | Entered Level 5 of the Dungeon
  4182 | D:5      | Reached skill level 5 in Shields
  4182 | D:5      | Reached XP level 7. HP: 37/53 MP: 0/0
  4182 | D:5      | Learned a level 3 spell: Confusing Touch
  4517 | D:5      | Reached skill level 1 in Spellcasting
  5035 | D:5      | Found a burning altar of Makhleb.
  5035 | D:5      | Found an ornate altar of the Wu Jian Council.
  5069 | D:5      | Found a stormy altar of Qazlal.
  5072 | D:5      | Reached XP level 8. HP: 58/58 MP: 0/0
  5656 | D:6      | Reached skill level 5 in Long Blades
  5656 | D:6      | Reached skill level 5 in Armour
  6001 | D:6      | Slain by an ice beast

Illustrated notes

Levels and vault maps discovered:
D:1:      dpeg_arrival_lava_temple_mockup, layout_loops_cross
D:2:      layout_rooms, old_standard_altar, uniq_natasha
D:3:      minmay_evil_eye, layout_loops_ring
D:4:      layout_gridville, nicolae_vehumet_radiance, serial_shops, shop_coins,
          hangedman_decor_push, minmay_misc_feat_enclosed, uniq_sigmund
D:5:      layout_basic, gammafunk_temple_overflow_elements, basic_altar,
          serial_glass, glass_columns_a, glass_columns_b, item_on_display_a,
          feat_on_display, minmay_strange_pillars, minmay_strange_pillars
D:6:      layout_layer_cave, old_standard_altar, bloody_trog,
          nicolae_qazlal_general_emergency, uniq_eustachio, uniq_blork_the_orc,
          uniq_maggie, uniq_menkaure

Skill      XL: |  1  2  3  4  5  6  7  8 |
---------------+-------------------------+-----
Long Blades    | 2 3 4 5 |  5.1
Fighting       | 4 |  4.3
Shields        | 4 5 |  5.0
Armour         | 4 5 |  5.2
Spellcasting   | 2 |  2.5

Action                   |  1- 3 |  4- 6 |  7- 9 || total
-------------------------+-------+-------+-------++-------
Melee: Long sword        |    77 |   107 |   144 ||   328
Throw: Dart              |       |    10 |     5 ||    15
       Javelin           |       |     8 |       ||     8
  Use: Scroll            |     2 |     3 |     1 ||     6
       Potion            |       |     4 |     1 ||     5
Armor: Scale mail        |    38 |    66 |    97 ||   201
Dodge: Dodged            |    29 |    42 |    85 ||   156
Block: Kite shield       |    37 |    58 |       ||    95
       Rpst.: Long sword |    13 |    13 |    21 ||    47

Table legend: (Time is in decaauts)
 A = Elapsed time spent in this place.
 B = Non-inter-level travel time spent in this place.
 C = Inter-level travel time spent in this place.
 D = Time resting spent in this place.
 E = Time spent auto-exploring this place.
 F = Levels seen in this place.
 G = Mean time per level.
                   A        B        C        D        E       F      G
               +--------+--------+--------+--------+--------+-----+--------+
         Total |   6111 |   5871 |    240 |   1443 |   3455 |   6 | 1018.5 |
       Dungeon |   6111 |   5871 |    240 |   1443 |   3455 |   6 | 1018.5 |
               +--------+--------+--------+--------+--------+-----+--------+

Top non-repeatable levels by time:
     D:5: 1498 daAuts
     D:3: 1339 daAuts
     D:1: 1326 daAuts
     D:2: 882 daAuts
     D:4: 694 daAuts
     D:6: 369 daAuts
